 Dungeon Crawl Stone Soup version 0.26-a0-149-g49b1be5409 (webtiles) character file.

Game seed: 7623167164923037369

1416 Gargoyl the Skirmisher (level 8, -4/67 HPs)
             Began as a Centaur Abyssal Knight on June 30, 2020.
             Was a Priest of Lugonu.
             Killed from afar by a steam dragon (8 damage)
             ... with a ball of steam
             ... on level 5 of the Dungeon.
             The game lasted 00:08:40 (6040 turns).

Gargoyl the Skirmisher (Centaur Abyssal Knight)     Turns: 6040, Time: 00:08:41

Health: -4/67      AC:  9    Str: 16    XL:     8   Next: 43%
Magic:  11/11      EV:  5    Int: 11    God:    Lugonu [***...]
Gold:   301        SH:  5    Dex: 10    Spells: 7/7 levels left

rFire    . . .     SeeInvis .   a - +1 hand axe
rCold    . . .     Faith    .   (no shield)
rNeg     . . .     Spirit   .   e - +0 chain mail
rPois    .         Reflect  +   g - +0 helmet
rElec    .         Harm     .   (no cloak)
rCorr    .                      (no gloves)
MR       .....                  (no barding)
Stlth    ..........             b - amulet of reflection
HPRegen  0.21/turn              j - +4 ring of slaying
MPRegen  0.12/turn              (no ring)

@: flying, very quick
A: large, hooves 3, deformed body, speed 2, tough skin 3
a: Depart the Abyss, Bend Space, Banish, Renounce Religion


You were on level 5 of the Dungeon.
You worshipped Lugonu.
Lugonu was most pleased with you.
You were not hungry.

You visited 1 branch of the dungeon, and saw 5 of its levels.
You visited the Abyss 1 time.

You collected 301 gold pieces.

Inventory:

Hand Weapons
 a - a +1 hand axe (weapon)
Missiles
 m - 8 boomerangs (quivered)
Armour
 e - a +0 chain mail (worn)
 g - a +0 helmet (worn)
Jewellery
 b - an amulet of reflection (around neck)
 j - a +4 ring of slaying (left hand)
 p - an uncursed ring of see invisible {unknown}
Wands
 l - a wand of disintegration (7)
Scrolls
 d - 4 scrolls of fear
 i - a scroll of identify
 k - a scroll of torment {unknown}
 n - a scroll of fog {unknown}
 o - 3 scrolls of teleportation {unknown}
 q - a scroll of enchant armour {unknown}
Potions
 f - 3 potions of stabbing
Comestibles
 c - 15 rations
 r - 2 chunks of flesh


   Skills:
 + Level 4.9 Fighting
 + Level 4.9 Axes
 * Level 4.8 Armour
 * Level 2.9 Dodging
 * Level 4.5 Invocations


You had 7 spell levels left.
You didn't know any spells.
Your spell library was empty.

Dungeon Overview and Level Annotations

Branches:
Dungeon (5/15)             Temple (0/1) D:4

Altars:
Fedhas
Hepliaklqana
Ru
Trog
The Shining One


Innate Abilities, Weirdness & Mutations

You have hooves in place of feet.
Armour fits poorly on your strangely shaped body.
You cover ground very quickly.
You have extremely tough skin. (AC +3)


Message History

You are engulfed in a cloud of scalding steam.
The steam dragon bites you but does no damage.
The steam dragon claws you but does no damage.
The steam dragon bites you.
* * * LOW HITPOINT WARNING * * *
The steam dragon barely misses you.
You hit the steam dragon but do no damage.
You kick the steam dragon!
The steam dragon is almost dead.
You hit the fungus. You slash the fungus! You closely miss the steam dragon.
You are engulfed in a cloud of scalding steam.
* * * LOW HITPOINT WARNING * * *
The steam dragon bites you but does no damage.
You block the steam dragon's attack.
The steam dragon bites you but does no damage.
The steam dragon claws you.
* * * LOW HITPOINT WARNING * * *
The steam dragon breathes steam at you. The ball of steam hits you!
You die...

#.###### ##...#...^..##
#.########.[########..##
#..........#####≈^≈##..#
#######....# #≈≈...P##.#
...#....÷..###P.....≈#.#####
##.#.##....##P≈....P.#.#...#
##.........##≈......≈#.#...######
#..........# #PPDD.^##.#...#.....
#.........>###.P@≈^###.#...#.....
#........#...##§§.###......#.....
#.....##...#.##≈..# #............
########.#.#..#P..# #....###.....
#.#.##.#≈..# #....# #####.
#######.##.#...# #....# #.
#..........#...# #....# #.
#..........##..# #....# #.
#..........##.≈# #....# #.


You could see 2 steam dragons.

Vanquished Creatures
  Pikel (D:4)
  A slave (D:4)
  2 ogres
  2 phantoms
  A scorpion (D:4)
  A centaur zombie (D:5)
  A crimson imp (D:2)
  2 orc priests (D:5)
  5 orc wizards
  2 iguanas
  A worker ant (D:4)
  A howler monkey zombie (D:5)
  A howler monkey skeleton (D:5)
  6 adders
  3 gnolls (D:2)
  2 adder skeletons (D:4)
  3 worms
  2 dart slugs
  2 leopard geckos
  18 orcs
  4 giant cockroaches
  4 goblins
  5 hobgoblins
  4 jackals
  8 kobolds
  3 quokkas
  3 bats
  6 frilled lizards
  A quokka skeleton (D:5)
  8 rats
103 creatures vanquished.

Vanquished Creatures (others)
  An orc priest (D:5)
  A frilled lizard (D:5)
  A fungus (D:5)
3 creatures vanquished.

Grand Total: 106 creatures vanquished

Notes
Turn   | Place    | Note
-------+----------+-------------------------------------------
     0 | Abyss:1  | Gargoyl the Centaur Abyssal Knight began the quest for the
                  | Orb.
     0 | Abyss:1  | Reached XP level 1. HP: 19/19 MP: 2/2
     9 | Abyss:1  | Found a corrupted altar of Lugonu.
    62 | Abyss:2  | Noticed a revenant
    75 | Abyss:2  | Noticed a wretched star
    93 | Abyss:2  | Noticed a quasit
   131 | Abyss:3  | Noticed a satyr
   155 | Abyss:3  | Noticed a golden eye
   155 | Abyss:3  | Noticed a ynoxinul
   155 | Abyss:3  | Noticed a glowing orange brain
   155 | Abyss:3  | Noticed a glowing orange brain
   155 | Abyss:3  | Noticed a sixfirhy
   155 | Abyss:3  | Noticed an angel
   155 | Abyss:3  | Noticed a rakshasa
   155 | Abyss:3  | Noticed a glowing orange brain
   156 | Abyss:3  | Noticed a sixfirhy
   156 | D:1      | Escaped the Abyss
  1016 | D:2      | Reached XP level 2. HP: 26/26 MP: 3/3
  1096 | D:2      | Noticed a crimson imp
  1118 | D:2      | Reached skill level 1 in Dodging
  1123 | D:2      | Reached * piety under Lugonu
  1243 | D:2      | Killed a crimson imp
  1243 | D:2      | Reached XP level 3. HP: 14/31 MP: 4/4
  1501 | D:2      | Reached XP level 4. HP: 32/39 MP: 5/5
  2632 | D:3      | Reached XP level 5. HP: 14/46 MP: 5/7
  2632 | D:3      | Noticed an ogre
  3126 | D:2      | Killed an ogre
  3500 | D:3      | Reached ** piety under Lugonu
  3633 | D:3      | Found a sacrificial altar of Ru.
  3844 | D:4      | Reached XP level 6. HP: 36/52 MP: 8/8
  4522 | D:4      | Reached XP level 7. HP: 59/59 MP: 9/9
  4751 | D:4      | Found a blossoming altar of Fedhas.
  4754 | D:4      | Found a bloodstained altar of Trog.
  4807 | D:4      | Found a staircase to the Ecumenical Temple.
  4989 | D:5      | Entered Level 5 of the Dungeon
  5183 | D:5      | Found a hazy altar of Hepliaklqana.
  5516 | D:5      | Reached *** piety under Lugonu
  5618 | D:5      | Noticed Pikel
  5664 | D:4      | Found a glowing golden altar of the Shining One.
  5679 | D:4      | Killed Pikel
  5679 | D:4      | Reached XP level 8. HP: 9/67 MP: 11/11
  6040 | D:5      | Killed from afar by a steam dragon

Illustrated notes

Levels and vault maps discovered:
D:1:      dpeg_arrival_pits, layout_loops_ring
D:2:      layout_basic, kennysheep_generic_room_7
D:3:      layout_basic, lemuel_round_altar
D:4:      layout_rooms, nicolae_overflow_hidden_temple,
          minmay_temple_entry_poolview, first_ration, gup_sewer_entry_spiral,
          hangedman_glass_garden
D:5:      kennysheep_steamy, layout_basic, okawaru_ov_weapons_minmay,
          basic_altar, serial_shops, kennysheep_mini, uniq_pikel

Skill      XL: |  1  2  3  4  5  6  7 |
---------------+----------------------+-----
Axes           | 2 3 4 |  4.9
Dodging        | 1 2 |  2.9
Armour         | 2 3 4 |  4.8
Invocations    | 3 4 |  4.5
Fighting       | 4 |  4.9

Action                   |  1- 3 |  4- 6 |  7- 9 || total
-------------------------+-------+-------+-------++-------
Melee: Hand axe          |    92 |   154 |    90 ||   336
       Kick              |    11 |    35 |    23 ||    69
Invok: Depart the Abyss  |     1 |       |       ||     1
Evoke: Wand              |       |       |     1 ||     1
  Use: Scroll            |     5 |     2 |       ||     7
       Potion            |       |       |     1 ||     1
  Eat: Chunk             |     1 |     9 |     4 ||    14
Armor: Chain mail        |    61 |    79 |    58 ||   198
       Leather armour    |     4 |       |       ||     4
Dodge: Dodged            |    26 |    25 |    24 ||    75
Block: Other             |       |    36 |    20 ||    56
       Reflection        |       |     5 |       ||     5

Table legend:
 A = Non-vault XP
 B = Vault XP
 C = Vault XP percentage of total XP
 D = Non-vault monster count
 E = Vault monster count
 F = Vault count percentage of total count
                 A         B        C        D         E       F
            +---------+---------+-------+---------+---------+-------
      Total |    1344 |     680 |  33.6 |      96 |       6 |   5.9
            +---------+---------+-------+---------+---------+-------
        D:1 |      13 |       0 |   0.0 |       9 |       0 |   0.0
        D:2 |     267 |       2 |   0.7 |      27 |       2 |   6.9
        D:3 |     159 |       0 |   0.0 |      22 |       0 |   0.0
        D:4 |     448 |     678 |  60.2 |      14 |       4 |  22.2
        D:5 |     457 |       0 |   0.0 |      24 |       0 |   0.0
            +---------+---------+-------+---------+---------+-------
